 Dungeon Crawl Stone Soup version 0.27.1 (webtiles) character file.

Game seed: 10870336985234366632

134 Ejeck the Cudgeller (level 4, -7/39 HPs)
             Began as a Minotaur Berserker on Aug 25, 2021.
             Was a Believer of Trog.
             Mangled by an orc (8 damage)
             ... on level 3 of the Dungeon.
             The game lasted 00:03:23 (2423 turns).

Ejeck the Cudgeller (Minotaur Berserker)            Turns: 2423, Time: 00:03:23

Health: -7/39      AC:  5    Str: 22    XL:     4   Next: 95%
Magic:  3/3        EV: 11    Int:  4    God:    Trog [**....]
Gold:   82         SH:  5    Dex: 10    Spells: 3/3 levels left

rFire    + . .     SeeInvis .   g - +0 whip
rCold    . . .     Faith    .   (no shield)
rNeg     . . .     Spirit   .   o - +2 leather armour {rF+}
rPois    +         Reflect  +   (helmet restricted)
rElec    .         Harm     .   (no cloak)
rCorr    .         Rampage  .   (no gloves)
Will     .....                  (no boots)
Stlth    +.........             j - amulet of reflection
HPRegen  0.13/turn              e - ring of poison resistance
MPRegen  0.08/turn              (no ring)

@: no status effects
A: horns 2, retaliatory headbutt
a: Renounce Religion, Berserk, Trog's Hand


You were on level 3 of the Dungeon.
You worshipped Trog.
Trog was pleased with you.
You visited 1 branch of the dungeon, and saw 3 of its levels.

You collected 104 gold pieces.
You spent 22 gold pieces at shops.

Inventory:

Hand Weapons
 g - a +0 whip (weapon)
Armour
 o - a +2 leather armour of fire resistance (worn)
Jewellery
 c - a ring of protection from cold
 e - a ring of poison resistance (left hand)
 j - an amulet of reflection (around neck)
Scrolls
 b - a scroll of immolation {unknown}
 d - 3 scrolls of identify
 h - 2 scrolls of teleportation {unknown}
 i - 2 scrolls of noise {unknown}
 n - a scroll of amnesia {unknown}
Potions
 a - a potion of brilliance {unknown}
 k - a potion of lignification {unknown}
 l - a potion of curing {unknown}
 m - a potion of haste {unknown}


   Skills:
 - Level 3.6 Fighting
 + Level 6.9 Maces & Flails
 - Level 2.4 Armour
 - Level 2.1 Dodging


You had 3 spell levels left.
You didn't know any spells.
Your spell library was empty.

Dungeon Overview and Level Annotations

Branches:
Dungeon (3/15)

Altars:

Shops:
D:2 ?


Innate Abilities, Weirdness & Mutations

You have a pair of horns on your head.
You reflexively headbutt those who attack you in melee.


Message History

You hear some strange, mumbled words.
A puff of flame appears from out of thin air!
The puff of flame hits you. You resist.
You bump into the rock wall.
You bump into the rock wall.
You hear some strange, mumbled words.
You are more confused.
The orc hits you from afar with a +0 trident.
You hit something.
You bump into the rock wall.
Something hits you but does no damage. The orc hits you but does no damage.
You completely miss something. Your headbutt misses something.
The orc closely misses you.
You miss something. Something hits you. The orc barely misses you.
You bump into the rock wall.
You hear some strange, mumbled words.
A magic dart appears from out of thin air!
The magic dart hits you!
* * * LOW HITPOINT WARNING * * *
The orc hits you from afar with a +0 trident.
* * * LOW HITPOINT WARNING * * *
You barely miss something. Something hits you but does no damage.
The orc closely misses you.
You bump into the rock wall.
Something hits you but does no damage. The orc barely misses you.
You closely miss something.
You feel less confused.
You miss something. Something hits you but does no damage.
The orc hits you but does no damage.
You hit something. Trog accepts your kill.
Trog appreciates your killing of a magic user.
Reactivating autopickup.
You feel a bit more experienced. The orc closely misses you.
The orc hits you with a +0 trident.
* * * LOW HITPOINT WARNING * * *
You hit the orc.
The orc is almost dead.
The orc hits you with a +0 trident!
You die...

..........# # #....#
#.##.... #######....
..##+#.# #.......
##.#.......#.#######....
#.#..#....#............ #.
#....######.#..
..##...†#####.....
.............####.
###########..............
#....))o@.#.....###.### .
...#######)#...#.#.#.####.
#.#...#..<.......
#.....#..>.......
#.#.#.#..........
.#####.#.#.#........
............#.#...#....
.....#######.#.#.###....
..... #.#.#.# ##.#.


You could see an orc.

Vanquished Creatures
  A hound (D:3)
  An orc wizard (D:3)
  2 adders (D:2)
  2 worms (D:2)
  3 dart slugs
  3 orcs (D:3)
  12 ball pythons
  2 bats
  2 endoplasms (D:2)
  A giant cockroach (D:1)
  4 goblins
  3 hobgoblins (D:2)
  4 jackals (D:2)
  A quokka (D:2)
  A ball python skeleton (D:2)
  2 frilled lizards
  2 kobolds
  4 rats
50 creatures vanquished.

Vanquished Creatures (others)
  3 plants (D:1)
3 creatures vanquished.

Grand Total: 53 creatures vanquished

Notes
Turn   | Place    | Note
-------+----------+-------------------------------------------
     0 | D:1      | Ejeck the Minotaur Berserker began the quest for the Orb.
     0 | D:1      | Reached XP level 1. HP: 19/19 MP: 0/0
   230 | D:1      | Reached skill level 4 in Maces & Flails
   329 | D:1      | Reached XP level 2. HP: 24/26 MP: 1/1
   555 | D:1      | Found a faded altar of an unknown god.
   991 | D:2      | Reached skill level 5 in Maces & Flails
   998 | D:2      | Reached ** piety under Trog
   999 | D:2      | Reached XP level 3. HP: 21/31 MP: 2/2
  1658 | D:2      | Found Jiomuhuz's Magic Scroll Emporium.
  1667 | D:2      | Bought a scroll of identify for 22 gold pieces
  2084 | D:3      | Reached skill level 6 in Maces & Flails
  2084 | D:3      | Reached XP level 4. HP: 37/39 MP: 3/3
  2422 | D:3      | HP: 1/39 [orc (6)]
  2423 | D:3      | Mangled by an orc

Illustrated notes

Levels and vault maps discovered:
D:1:      dpeg_arrival_arbitrary_b, layout_basic,
          ebering_ecumenical_altar_abandoned, serial_bayou_lake_a
D:2:      layout_basic, serial_shops, nicolae_shop_stone, minmay_vboxes
D:3:      layout_basic

Skill      XL: |  1  2  3 |
---------------+----------+-----
Maces & Flails | 4 5 6 |  6.9
Fighting       | |  3.6
Armour         | |  2.4
Dodging        | |  2.1

Action                   |  1- 3 |  4- 6 || total
-------------------------+-------+-------++-------
Melee: Mace              |    28 |       ||    28
       Headbutt          |    15 |     1 ||    16
       Whip              |    68 |    29 ||    97
Armor: Animal skin       |     5 |       ||     5
       Ring mail         |    14 |     2 ||    16
       Leather armour    |       |     9 ||     9
Dodge: Dodged            |    52 |    22 ||    74
Block: Other             |     1 |     6 ||     7
